| TOP OF THE 1ST |
|
Columbia Fireflies batting - Pitching for Colorado (EL) Rockies : RHP Dave Shanks
|
|
Pitching: RHP Dave Shanks
|
|
|
Batting: RHB Omar Novoa
|
0-0: Ground out 5-3 (Groundball, 56, EV 94.4 MPH)
|
|
Batting: SHB Masatoshi Akahoshi
|
0-0: Ball 1-0: Ball 2-0: Called Strike 2-1: Foul Ball, location: 2F 2-2: Foul Ball, location: 2F 2-2: Strikes out swinging
|
|
Batting: SHB Justin Wallace
|
0-0: Fly out, F7 (Flyball, 7S, EV 95.6 MPH)
|
| Top of the 1st over - 0 runs, 0 hits, 0 errors, 0 left on base; Columbia 0 - Colorado (EL) 0 |
| BOTTOM OF THE 1ST |
|
Colorado (EL) Rockies batting - Pitching for Columbia Fireflies : LHP Ricardo Chavez
|
|
Pitching: LHP Ricardo Chavez
|
|
|
Batting: RHB Juan Figueroa
|
0-0: Called Strike 0-1: Foul Ball, location: 2F 0-2: Ball 1-2: Ball 2-2: Strikes out swinging
|
|
Batting: LHB Nick Martin
|
0-0: Ball 1-0: SINGLE (Groundball, 4MD, EV 96.2 MPH)
|
|
Batting: RHB Doug D'Onofrio
|
0-0: Called Strike Nick Martin is caught stealing 2nd base 2-4 0-1: Called Strike 0-2: Ball 1-2: Ball 2-2: Ball 3-2: Base on Balls
|
|
Batting: RHB T.J. Williams
|
0-0: Called Strike 0-1: Fly out, F3 (Popup, 3SF, EV 80.0 MPH)
|
| Bottom of the 1st over - 0 runs, 1 hit, 0 errors, 1 left on base; Columbia 0 - Colorado (EL) 0 |
| TOP OF THE 2ND |
|
Columbia Fireflies batting - Pitching for Colorado (EL) Rockies : RHP Dave Shanks
|
|
Batting: LHB Tony Leyba
|
0-0: Called Strike 0-1: Foul Ball, location: 2F 0-2: Strikes out swinging
|
|
Batting: RHB Masaya Nakamura
|
0-0: Called Strike 0-1: Ball 1-1: Ball 2-1: Foul Ball, location: 2F 2-2: Ground out 5-3 (Groundball, 56, EV 89.4 MPH)
|
|
Batting: RHB Andy Carrell
|
0-0: SINGLE (Groundball, 6MD, EV 94.4 MPH)
|
|
Batting: RHB Larry Shoop
|
0-0: Foul Ball, location: 2F 0-1: Ball 1-1: Foul Ball, location: 2F 1-2: Ball 2-2: Fielders Choice at 2nd, 6-4 (Groundball, 6, EV 85.0 MPH)
|
| Top of the 2nd over - 0 runs, 1 hit, 0 errors, 1 left on base; Columbia 0 - Colorado (EL) 0 |
| BOTTOM OF THE 2ND |
|
Colorado (EL) Rockies batting - Pitching for Columbia Fireflies : LHP Ricardo Chavez
|
|
Batting: LHB Iehohs Inatho
|
0-0: Swinging Strike 0-1: Ball 1-1: Ball 2-1: Swinging Strike 2-2: Ball 3-2: Strikes out looking
|
|
Batting: RHB Pei Xie
|
0-0: Called Strike 0-1: SINGLE (Groundball, 56D, EV 95.0 MPH)
|
|
Batting: RHB Maurice Moore
|
0-0: Ball 1-0: Foul Ball, location: 2F 1-1: Ball 2-1: Foul Ball, location: 2F 2-2: Ball 3-2: Strikes out swinging
|
|
Batting: RHB Matviy Oliynyk
|
0-0: Foul Ball, location: 2F 0-1: Ball 1-1: Called Strike 1-2: Ball 2-2: Ball 3-2: Ground out 6-3 (Groundball, 6MS, EV 85.0 MPH)
|
| Bottom of the 2nd over - 0 runs, 1 hit, 0 errors, 1 left on base; Columbia 0 - Colorado (EL) 0 |
| TOP OF THE 3RD |
|
Columbia Fireflies batting - Pitching for Colorado (EL) Rockies : RHP Dave Shanks
|
|
Batting: RHB Fathi Addae
|
0-0: Called Strike 0-1: Ball 1-1: Ball 2-1: SINGLE (Groundball, 56S, EV 63.8 MPH) (infield hit)
|
|
Batting: RHB David Reyna
|
0-0: Foul Ball, location: 2F 0-1: Ball 1-1: Called Strike 1-2: Ball 2-2: Ball 3-2: Base on Balls Fathi Addae to second
|
|
Batting: RHB Omar Novoa
|
0-0: Ball 1-0: Foul Ball, location: 2F 1-1: Swinging Strike 1-2: Foul Ball, location: 2F 1-2: Ball 2-2: Foul Ball, location: 2F 2-2: Ball 3-2: Base on Balls Fathi Addae to third David Reyna to second
|
|
Batting: SHB Masatoshi Akahoshi
|
0-0: Called Strike 0-1: Ball 1-1: Ball 2-1: Ball 3-1: Fielders Choice at 2nd, 3-6 (Groundball, 3S, EV 84.4 MPH) Fathi Addae scores David Reyna to third
|
|
Batting: SHB Justin Wallace
|
0-0: Ball 1-0: Called Strike Masatoshi Akahoshi steals 2nd, throwing error, E2 David Reyna scores Masatoshi Akahoshi to third 1-1: Foul Ball, location: 2F 1-2: 2-RUN HOME RUN (Flyball, 9LD, EV 90.6 MPH), Distance : 329 ft
|
|
Batting: LHB Tony Leyba
|
0-0: Ball 1-0: SINGLE (Groundball, 56D, EV 97.5 MPH)
|
|
Batting: RHB Masaya Nakamura
|
0-0: Ball Tony Leyba steals 2nd base 1-0: Ball 2-0: Ball 3-0: Called Strike 3-1: Swinging Strike 3-2: Base on Balls
|
|
Batting: RHB Andy Carrell
|
0-0: Called Strike 0-1: Swinging Strike 0-2: Fly out, F7 (Line Drive, 78D, EV 98.1 MPH)
|
|
Batting: RHB Larry Shoop
|
0-0: Called Strike 0-1: Foul Ball, location: 2F 0-2: Fly out, F3 (Popup, 23F, EV 87.5 MPH)
|
| Top of the 3rd over - 4 runs, 3 hits, 1 error, 2 left on base; Columbia 4 - Colorado (EL) 0 |
| BOTTOM OF THE 3RD |
|
Colorado (EL) Rockies batting - Pitching for Columbia Fireflies : LHP Ricardo Chavez
|
|
Batting: LHB Daniel Green
|
0-0: Ball 1-0: Called Strike 1-1: Ball 2-1: Ground out 4-3 (Groundball, 4, EV 96.9 MPH)
|
|
Batting: RHB Juan Figueroa
|
0-0: Called Strike 0-1: Called Strike 0-2: Ball 1-2: Ball 2-2: Ground out 4-3 (Groundball, 4, EV 83.1 MPH)
|
|
Batting: LHB Nick Martin
|
0-0: Foul Ball, location: 2F 0-1: Called Strike 0-2: Strikes out swinging
|
| Bottom of the 3rd over - 0 runs, 0 hits, 0 errors, 0 left on base; Columbia 4 - Colorado (EL) 0 |
| TOP OF THE 4TH |
|
Columbia Fireflies batting - Pitching for Colorado (EL) Rockies : RHP Dave Shanks
|
|
Batting: RHB Fathi Addae
|
0-0: Ball 1-0: Called Strike 1-1: Foul Ball, location: 2F 1-2: Ground out 5-3 (Groundball, 56S, EV 61.9 MPH)
|
|
Batting: RHB David Reyna
|
0-0: Ball 1-0: Ball 2-0: Called Strike 2-1: Foul Ball, location: 2F 2-2: Ground out 6-3 (Groundball, 6S, EV 88.1 MPH)
|
|
Batting: RHB Omar Novoa
|
0-0: Ground out 5-3 (Groundball, 56, EV 104.4 MPH)
|
| Top of the 4th over - 0 runs, 0 hits, 0 errors, 0 left on base; Columbia 4 - Colorado (EL) 0 |
| BOTTOM OF THE 4TH |
|
Colorado (EL) Rockies batting - Pitching for Columbia Fireflies : LHP Ricardo Chavez
|
|
Batting: RHB Doug D'Onofrio
|
0-0: Ball 1-0: Called Strike 1-1: Foul Ball, location: 2F 1-2: Ball 2-2: Strikes out looking
|
|
Batting: RHB T.J. Williams
|
0-0: Called Strike 0-1: Ball 1-1: SINGLE (Groundball, 34D, EV 96.2 MPH)
|
|
Batting: LHB Iehohs Inatho
|
0-0: Ball 1-0: Fielders Choice at 2nd, 6-4 (Groundball, 6, EV 101.2 MPH)
|
|
Batting: RHB Pei Xie
|
0-0: Ball 1-0: Ball 2-0: Fly out, F6 (Popup, P, EV 80.6 MPH)
|
| Bottom of the 4th over - 0 runs, 1 hit, 0 errors, 1 left on base; Columbia 4 - Colorado (EL) 0 |
| TOP OF THE 5TH |
|
Columbia Fireflies batting - Pitching for Colorado (EL) Rockies : RHP Dave Shanks
|
|
Batting: SHB Masatoshi Akahoshi
|
0-0: SINGLE (Line Drive, 6MD, EV 98.1 MPH)
|
|
Batting: SHB Justin Wallace
|
0-0: Called Strike Masatoshi Akahoshi steals 2nd, throwing error, E2 Masatoshi Akahoshi to third 0-1: Ball 1-1: Ball 2-1: Called Strike 2-2: DOUBLE (Line Drive, 3D, EV 106.9 MPH) Masatoshi Akahoshi scores
|
|
Pitching: LHP Kyle Mearkle
|
|
|
Batting: LHB Tony Leyba
|
0-0: Called Strike 0-1: Called Strike 0-2: Strikes out swinging
|
|
Batting: RHB Masaya Nakamura
|
0-0: Called Strike 0-1: Ground out 5-3 (Groundball, 56S, EV 90.0 MPH)
|
|
Batting: RHB Andy Carrell
|
0-0: Called Strike 0-1: Ball 1-1: Ball 2-1: Ball 3-1: Called Strike 3-2: Foul Ball, location: 2F 3-2: Strikes out swinging
|
| Top of the 5th over - 1 run, 2 hits, 1 error, 1 left on base; Columbia 5 - Colorado (EL) 0 |
| BOTTOM OF THE 5TH |
|
Colorado (EL) Rockies batting - Pitching for Columbia Fireflies : LHP Ricardo Chavez
|
|
Batting: RHB Maurice Moore
|
0-0: Ball 1-0: Ground out U3 (Groundball, 13, EV 84.4 MPH)
|
|
Batting: RHB Matviy Oliynyk
|
0-0: Foul Ball, location: 2F 0-1: Ground out 5-3 (Groundball, 56, EV 79.4 MPH)
|
|
Batting: LHB Daniel Green
|
0-0: Called Strike 0-1: Ball 1-1: Ball 2-1: Fly out, F8 (Flyball, 8RD, EV 93.8 MPH)
|
| Bottom of the 5th over - 0 runs, 0 hits, 0 errors, 0 left on base; Columbia 5 - Colorado (EL) 0 |
| TOP OF THE 6TH |
|
Columbia Fireflies batting - Pitching for Colorado (EL) Rockies : LHP Kyle Mearkle
|
|
Batting: RHB Larry Shoop
|
0-0: Ball 1-0: Ball 2-0: Fly out, F9 (Flyball, 9LS, EV 94.4 MPH)
|
|
Batting: RHB Fathi Addae
|
0-0: Ball 1-0: Ball 2-0: Called Strike 2-1: Foul Ball, location: 2F 2-2: Foul Ball, location: 2F 2-2: Strikes out swinging
|
|
Batting: RHB David Reyna
|
0-0: Called Strike 0-1: Swinging Strike 0-2: Foul Ball, location: 2F 0-2: Foul Ball, location: 2F 0-2: Strikes out swinging
|
| Top of the 6th over - 0 runs, 0 hits, 0 errors, 0 left on base; Columbia 5 - Colorado (EL) 0 |
| BOTTOM OF THE 6TH |
|
Colorado (EL) Rockies batting - Pitching for Columbia Fireflies : LHP Ricardo Chavez
|
|
Batting: RHB Juan Figueroa
|
0-0: Ball 1-0: Ball 2-0: Foul Ball, location: 2F 2-1: SOLO HOME RUN (Line Drive, 89XD, EV 106.2 MPH), Distance : 387 ft
|
|
Batting: LHB Nick Martin
|
0-0: Ball 1-0: Swinging Strike 1-1: Swinging Strike 1-2: Ball 2-2: Ground out 5-3 (Groundball, 56, EV 95.6 MPH)
|
|
Batting: RHB Doug D'Onofrio
|
0-0: Ball 1-0: Ground out 6-3 (Groundball, 6, EV 106.9 MPH)
|
|
Batting: RHB T.J. Williams
|
0-0: Called Strike 0-1: Ball 1-1: SINGLE (Groundball, P, EV 92.5 MPH) (infield hit)
|
|
Batting: LHB Iehohs Inatho
|
0-0: Called Strike 0-1: Foul Ball, location: 2F 0-2: Foul Ball, location: 2F 0-2: Strikes out swinging
|
| Bottom of the 6th over - 1 run, 2 hits, 0 errors, 1 left on base; Columbia 5 - Colorado (EL) 1 |
| TOP OF THE 7TH |
|
Columbia Fireflies batting - Pitching for Colorado (EL) Rockies : LHP Kyle Mearkle
|
|
Pitching: RHP Terry Sterling
|
|
|
Batting: RHB Omar Novoa
|
0-0: Foul Ball, location: 2F 0-1: Ball 1-1: Ball 2-1: Foul Ball, location: 2F 2-2: Ball 3-2: Base on Balls
|
|
Batting: SHB Masatoshi Akahoshi
|
0-0: Ball 1-0: Ball 2-0: Called Strike 2-1: Ball 3-1: Base on Balls Omar Novoa to second
|
|
Batting: SHB Justin Wallace
|
0-0: Foul Ball, location: 2F 0-1: Called Strike 0-2: Ball 1-2: Ball 2-2: Ball 3-2: SINGLE (Groundball, 4MD, EV 97.5 MPH) Omar Novoa to third Masatoshi Akahoshi to second
|
|
Pitching: LHP Rafael Lozano
|
|
|
Batting: LHB Tony Leyba
|
0-0: Ball 1-0: Ball 2-0: Called Strike 2-1: Fly out, F8 (Flyball, 8LD, EV 100.0 MPH) Runner from 3rd tags up, SCORES, throw by CF Masatoshi Akahoshi to third
|
|
Pitching: RHP Michael Conrad
|
|
|
Batting: RHB Masaya Nakamura
|
0-0: Ball 1-0: Foul Ball, location: 2F 1-1: Ball 2-1: Fly out, F4 (Line Drive, 4M, EV 66.2 MPH)
|
|
Batting: RHB Andy Carrell
|
0-0: Called Strike 0-1: SINGLE (Groundball, 6D, EV 97.5 MPH) Masatoshi Akahoshi scores Justin Wallace to second Runner from 2nd tries for 3rd, SAFE, throw by LF made to third
|
|
Batting: RHB Larry Shoop
|
Pickoff Throw to First - Out! 1-3
|
| Top of the 7th over - 2 runs, 2 hits, 0 errors, 1 left on base; Columbia 7 - Colorado (EL) 1 |
| BOTTOM OF THE 7TH |
|
Colorado (EL) Rockies batting - Pitching for Columbia Fireflies : LHP Ricardo Chavez
|
|
Batting: RHB Pei Xie
|
0-0: Called Strike 0-1: Fly out, F8 (Line Drive, 8RD, EV 93.8 MPH)
|
|
Batting: RHB Maurice Moore
|
0-0: Called Strike 0-1: Swinging Strike 0-2: Ball 1-2: Ball 2-2: Ball 3-2: Fly out, F8 (Flyball, 89D, EV 110.6 MPH)
|
|
Batting: RHB Matviy Oliynyk
|
0-0: Ball 1-0: Ball 2-0: Foul Ball, location: 2F 2-1: Foul Ball, location: 2F 2-2: Ground out 5-3 (Groundball, 56, EV 103.8 MPH)
|
| Bottom of the 7th over - 0 runs, 0 hits, 0 errors, 0 left on base; Columbia 7 - Colorado (EL) 1 |
| TOP OF THE 8TH |
|
Columbia Fireflies batting - Pitching for Colorado (EL) Rockies : RHP Michael Conrad
|
|
Batting: RHB Larry Shoop
|
0-0: Ball 1-0: Foul Ball, location: 2F 1-1: Ball 2-1: Ball 3-1: Base on Balls
|
|
Batting: RHB Fathi Addae
|
0-0: Called Strike Larry Shoop steals 2nd base 0-1: Ball 1-1: Ground out 6-3 (Groundball, 6S, EV 66.9 MPH) Larry Shoop to third
|
|
Batting: RHB David Reyna
|
0-0: Ball 1-0: Ball 2-0: Called Strike 2-1: Ground out 5-3 (Groundball, 56S, EV 87.5 MPH) Larry Shoop scores
|
|
Batting: RHB Omar Novoa
|
0-0: Ground out 4-3 (Groundball, 4S, EV 90.6 MPH)
|
| Top of the 8th over - 1 run, 0 hits, 0 errors, 0 left on base; Columbia 8 - Colorado (EL) 1 |
| BOTTOM OF THE 8TH |
|
Colorado (EL) Rockies batting - Pitching for Columbia Fireflies : LHP Ricardo Chavez
|
|
Batting: LHB Daniel Green
|
0-0: Called Strike 0-1: Foul Ball, location: 2F 0-2: Foul Ball, location: 2F 0-2: Strikes out looking
|
|
Batting: RHB Juan Figueroa
|
0-0: Called Strike 0-1: Foul Ball, location: 2F 0-2: Ball 1-2: Strikes out looking
|
|
Batting: LHB Nick Martin
|
0-0: Ground out 4-3 (Groundball, 34D, EV 92.5 MPH)
|
| Bottom of the 8th over - 0 runs, 0 hits, 0 errors, 0 left on base; Columbia 8 - Colorado (EL) 1 |
| TOP OF THE 9TH |
|
Columbia Fireflies batting - Pitching for Colorado (EL) Rockies : RHP Michael Conrad
|
|
Pinch Hitting: RHB Koen van Oort
|
0-0: Ball 1-0: Ball 2-0: Ground out 5-3 (Groundball, 56S, EV 87.5 MPH)
|
|
Batting: SHB Justin Wallace
|
0-0: Ball 1-0: Called Strike 1-1: Ball 2-1: DOUBLE (Groundball, 3L, EV 110.0 MPH)
|
|
Batting: LHB Tony Leyba
|
0-0: Ball Wild Pitch! Justin Wallace to third 1-0: Ball 2-0: SINGLE (Groundball, 23, EV 62.5 MPH) (infield hit)
|
|
Pinch Hitting: RHB T.J. Spina
|
0-0: Called Strike 0-1: Ball 1-1: Ball 2-1: Ball 3-1: Base on Balls Tony Leyba to second
|
|
Batting: RHB Andy Carrell
|
0-0: Called Strike 0-1: Ball 1-1: Fielders Choice at 2nd, 6-4 (Groundball, 6S, EV 89.4 MPH) Justin Wallace scores Tony Leyba to third
|
|
Batting: RHB Larry Shoop
|
0-0: Ball 1-0: Called Strike 1-1: Fielders Choice at 2nd, 6-4 (Groundball, 6, EV 82.5 MPH)
|
| Top of the 9th over - 1 run, 2 hits, 0 errors, 2 left on base; Columbia 9 - Colorado (EL) 1 |
| BOTTOM OF THE 9TH |
|
Colorado (EL) Rockies batting - Pitching for Columbia Fireflies : LHP Ricardo Chavez
|
|
Now at 1B: Dan Muse
|
|
|
Now at 2B: Fathi Addae
|
|
|
Now at SS: Koen van Oort
|
|
|
Batting: RHB Doug D'Onofrio
|
0-0: Called Strike 0-1: Ball 1-1: Foul Ball, location: 2F 1-2: Fly out, F3 (Popup, 3SF, EV 71.2 MPH)
|
|
Batting: RHB T.J. Williams
|
0-0: Ball 1-0: Ball 2-0: Foul Ball, location: 2F 2-1: Ball 3-1: SOLO HOME RUN (Flyball, 7D, EV 95.0 MPH), Distance : 351 ft
|
|
Batting: LHB Iehohs Inatho
|
0-0: Ball 1-0: Reached via error on a dropped throw from 1B, E1 (Groundball, 34, EV 86.2 MPH)
|
|
Pitching: LHP Bubba Fields
|
|
|
Batting: RHB Pei Xie
|
0-0: Foul Ball, location: 2F 0-1: Ball 1-1: Grounds into double play, 6-4-3 (Groundball, 6, EV 91.2 MPH)
|
| Bottom of the 9th over - 1 run, 1 hit, 1 error, 0 left on base; Columbia 9 - Colorado (EL) 2 |
|